 Dungeon Crawl Stone Soup version 0.28-a0-1032-ga8db75c868 (webtiles) character file.

Game seed: 4382551823194585567

57404 GregHouse the Severer (level 14, 0/130 HPs)
             Began as a Hill Orc Monk on Dec 5, 2021.
             Was a High Priest of Beogh.
             Slain by a salamander (13 damage)
             ... on level 1 of the Snake Pit on Dec 7, 2021.
             The game lasted 03:05:13 (30524 turns).

GregHouse the Severer (Hill Orc Monk)              Turns: 30524, Time: 03:05:13

Health: 0/130      AC: 24    Str: 29    XL:     14   Next: 86%
Magic:  0/23       EV: 11    Int: 10    God:    Beogh [*****.]
Gold:   2593       SH:  0    Dex: 13    Spells: 13/13 levels left

rFire   + . .      SeeInvis +   c - +8 battleaxe
rCold   + + .      Faith    .   (shield currently unavailable)
rNeg    . . .      Spirit   +   u - +3 chain mail {rC+}
rPois   +          Reflect  .   f - +0 helmet "Fuxodd" {+Inv rPois rCorr SInv}
rElec   .          Harm     .   E - scarf {rC+ rF+}
rCorr   +          Rampage  .   y - +0 pair of gloves
Will    +++..                   d - +0 pair of boots
Stlth   ..........              b - amulet of Vyb Giunn {Spirit Will++ Str+4 Slay+4}
HPRegen 0.31/turn               i - +6 ring of strength
MPRegen 0.18/turn               G - +4 ring of protection

@: lethally poisoned (0 -> -12), studying Bows
A: walk on water
a: Renounce Religion, Evoke Invisibility, Smiting, Recall Orcish Followers, Give
Item to Named Follower


You were on level 1 of the Snake Pit.
You worshipped Beogh.
Beogh was extremely pleased with you.
You visited 4 branches of the dungeon, and saw 21 of its levels.

You collected 2593 gold pieces.

Inventory:

Hand Weapons
 c - a +8 battleaxe (weapon)
 n - a +2 flail of protection
 O - a +5 dire flail
 P - a +0 glaive
 U - a +0 broad axe
Missiles
 e - 9 boomerangs (quivered)
 w - a silver boomerang
Armour
 d - a +0 pair of boots (worn)
 f - the +0 helmet "Fuxodd" (worn) {+Inv rPois rCorr SInv}
   (You acquired it on level 10 of the Dungeon)

   rPois:     It protects you from poison.
   SInv:      It lets you see invisible.
   +Inv:      It lets you turn invisible.
   rCorr:     It protects you from acid and corrosion.
 u - a +3 chain mail of cold resistance (worn)
 y - a +0 pair of gloves (worn)
 E - a scarf of resistance (worn)
 Y - a +1 tower shield
Jewellery
 b - the amulet of Vyb Giunn (around neck) {Spirit Will++ Str+4 Slay+4}
   (You acquired it on level 4 of the Dungeon)

   [amulet of guardian spirit]

   It causes incoming damage to be divided between your reserves of health and
   magic.
   Str:       It affects your strength (+4).
   Slay:      It affects your accuracy & damage with ranged weapons and melee
   (+4).
   Will:      It greatly increases your willpower.
 i - a +6 ring of strength (left hand)
 m - an amulet of guardian spirit
 z - a ring of ice
 G - a +4 ring of protection (right hand)
 L - a ring of wizardry
 N - a ring of resist corrosion
 T - the ring of Nauqorasch {Ice Dex+4}
   (You found it on level 12 of the Dungeon)

   [ring of ice]

   It enhances your ice magic.
   Dex:       It affects your dexterity (+4).
   rF:        It makes you vulnerable to fire.
   rC:        It protects you from cold.
Wands
 r - a wand of paralysis (13)
 s - a wand of iceblast (13)
 t - a wand of acid (12)
 v - a wand of flame (4)
 F - a wand of digging (3)
 I - a wand of polymorph (9)
 K - a wand of charming (4)
Scrolls
 q - a scroll of amnesia
 x - a scroll of blinking
 A - 6 scrolls of teleportation
 B - 2 scrolls of immolation
 J - 2 scrolls of fog
 M - a scroll of magic mapping
 X - a scroll of identify
Potions
 a - 3 potions of lignification
 g - 9 potions of curing
 h - 2 potions of haste
 j - 2 potions of invisibility
 k - a potion of magic
 l - 2 potions of flight
 o - 3 potions of ambrosia
 p - a potion of attraction
 C - 2 potions of cancellation
 H - 2 potions of mutation
 Q - a potion of might
 R - a potion of brilliance
 S - a potion of degeneration
 V - 3 potions of resistance
 W - a potion of berserk rage {unknown}
Miscellaneous
 D - a piece from Xom's chessboard (15/15)


   Skills:
 + Level 13.7 Fighting
 - Level 19.4(20.0) Axes
 + Level 7.2(12.8) Maces & Flails
 + Level 0.3 Throwing
 + Level 13.1 Armour
 + Level 4.7 Dodging
 + Level 4.4 Stealth
 * Level 12.3 Invocations


You had 13 spell levels left.
You didn't know any spells.
Your spell library contained the following spells:

 Spells                   Type           Power      Damage    Failure   Level
 Animate Skeleton         Necr           0%         N/A       80%         1
 Magic Dart               Conj           0%         1d3       80%         1
 Pain                     Necr           0%         1d4       80%         1
 Sandblast                Erth           0%         2d4       80%         1
 Shock                    Conj/Air       0%         1d3       80%         1
 Call Imp                 Summ           0%         N/A       90%         2
 Ensorcelled Hibernation  Hex/Ice        0%         N/A       90%         2
 Passwall                 Tmut/Erth      0%         N/A       90%         2
 Mephitic Cloud           Conj/Pois/Air  0%         N/A       99%         3
 Stone Arrow              Conj/Erth      0%         3d7       99%         3
 Swiftness                Air            0%         N/A       99%         3
 Tukima's Dance           Hex            0%         N/A       99%         3
 Vampiric Draining        Necr           0%         2d6       99%         3
 Airstrike                Air            0%         N/A       100%        4
 Passage of Golubria      Tloc           0%         N/A       100%        4
 Yara's Violent Unravell  Hex/Tmut       0%         3d3       100%        5
 Dispersal                Tloc           0%         N/A       100%        6
 Disjunction              Tloc           0%         N/A       100%        8


Dungeon Overview and Level Annotations

Branches:
Dungeon (13/15)            Temple (1/1) D:7            Lair (6/6) D:10
  Swamp (0/4) Lair:4        Snake (1/4) Lair:2        Slime (0/5) Lair:6
    Orc (0/2) D:12
 Vaults: D:13-14

Altars:
Ashenzari
Cheibriados
Dithmenos
Elyvilon
Fedhas
Gozag
Hepliaklqana
Kikubaaqudgha
Makhleb
Nemelex Xobeh
Okawaru
Qazlal
Ru
Sif Muna
Trog
Uskayaw
Vehumet
Wu Jian
Xom
Yredelemnul
Zin
The Shining One
Beogh

Shops:
D:2 [   D:10 =

Annotations:
D:2 Natasha
Lair:3 exclusion: orange crystal statue
Lair:4 exclusion: 2 oklob plants


Message History

Your orc hits the black mamba with a +0 whip of venom.
You feel better. The black mamba bites you.
* * * LOW HITPOINT WARNING * * *
You are poisoned.
The black mamba poisons you!
Herok hits the black mamba with a +3 spear.
Bogfrid hits the black mamba with a +3 spear.
The black mamba dies!
Beogh accepts your kill. The naga spits poison at you.
The splash of poison hits you but does no damage.
You resist.
Your orc priest hits the naga with a +2 vorpal falchion.
The naga sharpshooter unwields a +0 hand axe.
The naga sharpshooter wields a +0 arbalest.
The naga sharpshooter gestures wildly while chanting.
The naga sharpshooter magically shoots a bolt.
The bolt hits you.
* * * LOW HITPOINT WARNING * * *
The salamander hits you from afar with a +0 halberd!
* * * LOW HITPOINT WARNING * * *
You are engulfed in flames.
You resist.
* * * LOW HITPOINT WARNING * * *
You barely miss the naga.
The naga is almost dead.
* * * LOW HITPOINT WARNING * * *
You feel very sick.
Bogfrid casts a spell.
Herok hits the salamander with a +3 spear!!
The naga closely misses you. The naga grabs you. The naga constricts you.
Your chain mail prevents you from hitting the naga.
The naga is almost dead.
* * * LOW HITPOINT WARNING * * *
You feel sick.
Your orc priest hits the naga with a +2 vorpal falchion.
The naga dies!
Beogh accepts your kill.
Your orc priest looks more experienced.
The salamander hits you from afar with a +0 halberd!
You die...

##### ...... ##
......# #..
......### #...
....#...# #....
###.....##....#
#...4...).....#
#.....$@o....#
#.....oo)).###.
#......No......
##...##.(...###
###.........#
#.).###..#.....
#...# #N....##.
##..$# ....#.#
###..###
.......


You could see a naga sharpshooter, a salamander (ally target), the friendly
Herok the orc knight, a friendly rust devil (summoned), the friendly Bogfrid the
orc sorcerer, a friendly orc priest and a friendly orc.

Vanquished Creatures
  Rupert (Lair:4)
  A boulder beetle (D:12)
  5 hydras
  A death knight (D:8)
  4 two-headed ogres
  2 death yaks (Lair:6)
  A naga sharpshooter (Snake:1)
  A deep elf pyromancer (D:12)
  Pikel (D:5)
  4 ugly things (D:12)
  2 wolf spiders (Lair:6)
  2 manticores (D:11)
  3 elephants (Lair:6)
  A guardian serpent (Lair:6)
  6 black mambas
  A torpor snail (Lair:6)
  15 cane toads
  A gargoyle (D:11)
  3 rime drakes (Lair:5)
  9 komodo dragons
  A kobold demonologist (D:9)
  3 trolls
  A hornet (Lair:6)
  5 dream sheep (Lair:5)
  15 blink frogs
  2 shadows (D:11)
  38 yaks
  Eustachio (D:6)
  2 wraiths
  8 basilisks
  2 steam dragons
  A vampire mosquito (D:12)
  6 wyverns
  18 water moccasins
  2 acid dragons
  4 orc warriors
  An ice beast (D:8)
  3 black bears
  2 sky beasts
  14 wolves
  An ogre (D:7)
  6 centaurs
  4 necrophages
  3 lemures
  2 phantoms (D:5)
  A kobold brigand (D:6)
  12 bullfrogs
  2 scorpions
  2 jellies
  5 killer bees
  2 electric eels (D:11)
  8 wights
  4 howler monkeys
  3 centaur zombies
  2 hounds (D:5)
  4 orc priests
  Ijyb (D:5)
  2 iguanas
  8 orc wizards
  4 hell rats (Lair:6)
  2 killer bee zombies (D:6)
  A hound skeleton (D:3)
  3 adders
  2 howler monkey skeletons
  4 gnolls
  A shadow imp (D:5)
  2 white imps (D:6)
  2 adder skeletons (D:3)
  4 worms
  3 dart slugs
  22 orcs
  4 ball pythons
  2 endoplasms
  3 giant cockroaches
  8 goblins
  4 hobgoblins
  3 jackals (D:2)
  2 quokkas
  9 bats
  9 frilled lizards
  8 kobolds
  A quokka skeleton (D:3)
  8 rats
  2 bushes
  2 toadstools (D:1)
380 creatures vanquished.

Vanquished Creatures (collateral kills)
  2 orc knights
  A hydra (D:8)
  4 two-headed ogres
  A death knight (D:12)
  A death yak (Lair:6)
  A centaur warrior (D:12)
  The ghost of BinkBink the Slicer, a novice DsMo of Qazlal (D:9)
  Urug (Lair:5)
  Sonja (Lair:1)
  Nergalle (Lair:3)
  2 cyclopes
  An ugly thing (D:12)
  An elephant (Lair:6)
  5 black mambas
  8 cane toads
  A komodo dragon (Lair:1)
  A troll (D:10)
  A hornet (Lair:6)
  A dream sheep (Lair:5)
  15 blink frogs
  A shadow (D:9)
  2 wraiths
  14 yaks
  2 wyverns (Lair:6)
  A basilisk (Lair:4)
  A naga (Snake:1)
  An acid dragon (D:9)
  8 water moccasins
  4 orc warriors
  6 wolves
  A centaur (D:9)
  A necrophage (D:8)
  5 bullfrogs
  4 killer bees (D:9)
  2 wights (D:10)
  2 howler monkeys (D:12)
  3 lava snakes (Lair:3)
  2 orc priests
  2 hell rats (Lair:6)
  3 orc wizards
  4 orcs
  2 butterflies (Lair:2)
  A fungus (Lair:6)
122 creatures vanquished.

Vanquished Creatures (others)
  An orc sorcerer (Lair:6)
  An orc priest (Lair:6)
  3 orc warriors
  An orc wizard (D:12)
  13 orcs
  A kobold (D:6)
  64 fungi
  92 plants
  2 toadstools (D:1)
  3 withered plants (D:3)
181 creatures vanquished.

Grand Total: 683 creatures vanquished

Notes
Turn   | Place    | Note
-------+----------+-------------------------------------------
     0 | D:1      | GregHouse the Hill Orc Monk began the quest for the Orb.
     0 | D:1      | Reached XP level 1. HP: 19/19 MP: 1/1
    98 | D:1      | Reached XP level 2. HP: 10/27 MP: 2/2
   614 | D:1      | Reached XP level 3. HP: 23/33 MP: 3/3
  1093 | D:2      | Found Bed Xeuq's Antique Armour Shop.
  1381 | D:2      | HP: 1/33 [worm (6)]
  1686 | D:2      | Noticed Natasha
  1997 | D:2      | Reached XP level 4. HP: 40/40 MP: 4/4
  2382 | D:3      | Reached skill level 5 in Axes
  2620 | D:3      | Found a radiant altar of Vehumet.
  2878 | D:3      | Noticed a scorpion
  3351 | D:4      | Identified a scroll of acquirement
  3351 | D:4      | Acquired the amulet of Vyb Giunn {Spirit Will++ Str+4
                  | Slay+4}
  3367 | D:4      | Noticed a black bear
  3394 | D:3      | Killed a scorpion
  3395 | D:3      | Reached skill level 1 in Armour
  3395 | D:3      | Reached XP level 5. HP: 27/47 MP: 3/5
  3753 | D:3      | Found a shadowy altar of Dithmenos.
  3784 | D:4      | Killed a black bear
  3785 | D:4      | Reached skill level 5 in Fighting
  3785 | D:4      | Reached skill level 6 in Axes
  3785 | D:4      | Reached XP level 6. HP: 32/56 MP: 3/6
  4139 | D:5      | Entered Level 5 of the Dungeon
  4371 | D:4      | Noticed a necrophage
  4626 | D:4      | Became a worshipper of Beogh the Brigand
  4626 | D:4      | Reached * piety under Beogh
  4626 | D:4      | Reached ** piety under Beogh
  5008 | D:4      | Killed a necrophage
  5009 | D:4      | Reached skill level 7 in Axes
  5196 | D:5      | Reached skill level 1 in Maces & Flails
  5196 | D:5      | Reached XP level 7. HP: 57/61 MP: 7/7
  5339 | D:5      | Noticed Pikel
  5474 | D:5      | Noticed Ijyb
  5499 | D:5      | Killed Ijyb
  6291 | D:5      | Reached XP level 8. HP: 68/70 MP: 8/8
  6882 | D:5      | Killed Pikel
  6883 | D:5      | Reached skill level 8 in Axes
  6883 | D:5      | Reached skill level 5 in Armour
  7239 | D:6      | Noticed Eustachio
  7251 | D:6      | Killed Eustachio
  7252 | D:6      | Reached XP level 9. HP: 56/78 MP: 7/9
  7371 | D:6      | Reached skill level 9 in Axes
  7981 | D:6      | Reached *** piety under Beogh
  8224 | D:6      | Reached skill level 10 in Axes
  8814 | D:7      | Found a staircase to the Ecumenical Temple.
 10587 | D:7      | Reached skill level 11 in Axes
 10775 | Temple   | Entered the Ecumenical Temple
 11223 | D:8      | Noticed a death knight
 11223 | D:8      | Noticed a five-headed hydra
 11227 | D:8      | Killed a five-headed hydra
 11228 | D:8      | Reached XP level 10. HP: 28/88 MP: 4/10
 11248 | D:8      | Killed a death knight
 11249 | D:8      | Reached skill level 5 in Maces & Flails
 11462 | D:8      | Noticed a cyclops
 11486 | D:8      | Reached skill level 12 in Axes
 12364 | D:8      | Found a sacrificial altar of Ru.
 12403 | D:8      | Found an ancient bone altar of Kikubaaqudgha.
 12486 | D:8      | Killed a cyclops
 12487 | D:8      | Reached skill level 1 in Invocations
 13507 | D:9      | Noticed a kobold demonologist
 13523 | D:9      | Killed a kobold demonologist
 13607 | D:9      | Noticed a two-headed ogre
 13876 | D:10     | Entered Level 10 of the Dungeon
 13876 | D:10     | Noticed a two-headed ogre
 13882 | D:10     | Killed a two-headed ogre
 14478 | D:9      | Noticed a two-headed ogre
 14486 | D:9      | Killed a two-headed ogre
 14487 | D:9      | Reached skill level 13 in Axes
 14772 | D:9      | Killed a two-headed ogre
 14773 | D:9      | Reached XP level 11. HP: 57/95 MP: 8/14
 15111 | D:9      | Found an opulent altar of Gozag.
 15112 | D:9      | Found a runed translucent gate.
 15112 | D:9      | Found a runed translucent gate.
 15112 | D:9      | Found a runed translucent gate.
 15116 | D:9      | Noticed BinkBink's ghost (novice DsMo)
 15324 | D:9      | Reached skill level 5 in Invocations
 15543 | D:9      | Killed BinkBink's ghost
 15754 | D:10     | Found Jetuad's Jewellery Emporium.
 15927 | D:10     | Found a staircase to the Lair.
 16190 | D:11     | Noticed a manticore
 16384 | D:10     | Noticed a two-headed ogre
 16391 | D:10     | Killed a two-headed ogre
 16392 | D:10     | Reached skill level 14 in Axes
 16613 | D:10     | Acquired 888 gold pieces
 16615 | D:10     | Acquired the +0 helmet "Fuxodd" {+Inv rPois rCorr SInv}
 16627 | D:10     | Upgraded the game from 0.28-a0-991-g956f0ee3d5 to
                  | 0.28-a0-998-gb9e9c7b67e
 16668 | Lair:1   | Entered Level 1 of the Lair of Beasts
 16791 | Lair:1   | Noticed Sonja
 16801 | Lair:1   | Killed Sonja
 17053 | Lair:1   | Reached **** piety under Beogh
 17074 | Lair:1   | Gained Wargath as an ally
 17273 | Lair:1   | Reached skill level 15 in Axes
 17373 | Lair:1   | Reached XP level 12. HP: 105/105 MP: 17/17
 17472 | Lair:1   | Reached skill level 10 in Fighting
 18069 | Lair:2   | Reached ***** piety under Beogh
 18070 | Lair:2   | Reached skill level 16 in Axes
 18835 | Lair:2   | Reached skill level 10 in Armour
 19075 | Lair:2   | Reached skill level 17 in Axes
 19158 | Lair:2   | Found a staircase to the Snake Pit.
 19631 | D:11     | Noticed a two-headed ogre
 19641 | D:11     | Killed a two-headed ogre
 20560 | D:12     | Identified the ring of Nauqorasch {Ice Dex+4}
 20563 | D:12     | Noticed a two-headed ogre
 20564 | D:12     | Noticed a two-headed ogre
 20569 | D:12     | Killed a two-headed ogre
 20570 | D:12     | Reached XP level 13. HP: 107/116 MP: 16/20
 20892 | D:11     | Noticed Nergalle
 21393 | D:11     | Upgraded the game from 0.28-a0-998-gb9e9c7b67e to
                  | 0.28-a0-1032-ga8db75c868
 21674 | Lair:3   | Your ally Wargath died
 21687 | Lair:3   | Your ally Nergalle died
 23083 | Lair:4   | Found a staircase to the Swamp.
 23393 | Lair:4   | Noticed Rupert
 23396 | Lair:4   | Paralysed by Rupert for 6 turns
 23413 | Lair:4   | Killed Rupert
 23976 | Lair:4   | Reached skill level 10 in Invocations
 24299 | Lair:4   | Found a radiant altar of Vehumet.
 25008 | Lair:5   | Reached skill level 18 in Axes
 25088 | Lair:6   | Entered Level 6 of the Lair of Beasts
 25154 | Lair:5   | Gained Bogfrid as an ally
 25542 | Lair:5   | Noticed Urug
 25551 | Lair:5   | Killed Urug
 25571 | Lair:5   | Reached ****** piety under Beogh
 26482 | Lair:6   | Reached XP level 14. HP: 95/127 MP: 16/22
 26537 | Lair:6   | Gained Herok as an ally
 26799 | Lair:6   | Reached skill level 19 in Axes
 27084 | Lair:6   | Your ally Bogfrid died
 28242 | Lair:6   | Found a staircase to the Slime Pits.
 29754 | D:12     | Found a staircase to the Orcish Mines.
 30229 | D:12     | Found a roughly hewn altar of Beogh.
 30485 | Snake:1  | Entered Level 1 of the Snake Pit
 30524 | Snake:1  | Slain by a salamander

Illustrated notes

Levels and vault maps discovered:
D:1:      ldierk_water_garden, layout_basic
D:2:      layout_loops_ring, serial_shops, nicolae_shop_crystal,
          grunt_ministairs_7, uniq_natasha
D:3:      minmay_skewed_foursquare, layout_loops_corners,
          mainiacjoe_overflow_swirl, serial_undead, serial_undead_e,
          serial_undead_c, serial_undead_b, serial_undead_d
D:4:      layout_basic
D:5:      layout_basic, minmay_strange_pillars, kennysheep_generic_room_9,
          uniq_ijyb, uniq_pikel
D:6:      layout_gridville, uniq_eustachio
D:7:      layout_loops_ring, minmay_temple_entry_offerings,
          minmay_misc_feat_four_crosses
D:8:      layout_loops_ring, lemuel_coloured_pillars_altar,
          lemuel_crystal_altar, minmay_misc_feat_square,
          hellmonk_bongcloud_opening, minmay_manual_mess
D:9:      layout_cave_pods, ebering_ghost_gozag, minivault_24
D:10:     layout_irregular_city, lair_entry_dummy, serial_shops,
          nicolae_shop_waterfront, kennysheep_path_1,
          chequers_serial_rivers_micro_e
D:11:     layout_small_grid, kennysheep_dice, uniq_nergalle
D:12:     layout_rooms, minmay_orc_entry_temple_small, kennysheep_kite_vault
D:13:     layout_big_octagon, hangedman_abyss_or_decor_stagger
Temple:   eino_narrow_crystal_temple
Lair:1:   layout_long_grid, uniq_sonja
Lair:2:   layout_layer_cave, dummy_snake_entry, lemuel_fruit_fields
Lair:3:   layout_loops_ring, enter_volcano_4, disabler_island
Lair:4:   minmay_lair_oklob_chamber, layout_regular_city, swamp_mist,
          lemuel_centaur_altar, lemuel_fruit_fields, uniq_rupert
Lair:5:   layout_roguey, portal_ice_cave_rime, chequers_serial_rivers_micro_a,
          chequers_serial_rivers_room_b, grunt_megastairs_1,
          lemuel_fruit_fields, uniq_urug
Lair:6:   hangedman_lair_tendril_chambers, layout_long_grid, slime_dummy,
          grunt_megastairs_3, infiniplex_staircase_pool
Snake:1:  layout_misc_corridors

Skill      XL: |  1  2  3  4  5  6  7  8  9 10 11 12 13 14 |
---------------+-------------------------------------------+-----
Fighting       | 4 5 6 7 8 9 11 12 13 | 13.7
Dodging        | 3 4 |  4.7
Axes           | 5 6 7 8 11 13 15 17 18 19 | 19.4
Stealth        | 2 3 4 |  4.4
Armour         | 1 2 4 5 7 8 9 10 11 13 | 13.1
Maces & Flails | 1 3 4 5 6 7 |  7.2
Invocations    | 4 7 9 10 12 | 12.3
Throwing       | |  0.3

Action                   |  1- 3 |  4- 6 |  7- 9 | 10-12 | 13-15 || total
-------------------------+-------+-------+-------+-------+-------++-------
Melee: Hand axe          |   132 |       |       |       |       ||   132
       War axe           |    18 |    87 |       |       |       ||   105
       Mace              |       |    25 |    57 |    10 |       ||    92
       Battleaxe         |       |       |   146 |   314 |   362 ||   822
       Dire flail        |       |       |       |       |    56 ||    56
Throw: Stone             |       |     2 |       |       |       ||     2
       Boomerang         |       |       |       |     2 |       ||     2
Invok: Convert to Beogh  |       |     1 |       |       |       ||     1
       Recall Orcish Fol |       |       |       |     1 |    13 ||    14
       Give Item to Name |       |       |       |     1 |     2 ||     3
       Resurrection      |       |       |       |       |     1 ||     1
  Use: Scroll            |       |     5 |    13 |     4 |    13 ||    35
       Potion            |       |     2 |       |     3 |     4 ||     9
 Stab: Sleeping          |     4 |     3 |       |       |       ||     7
       Distracted        |       |       |     1 |     4 |     6 ||    11
       Invisible         |       |       |       |     1 |     1 ||     2
       Confused          |       |       |       |       |     2 ||     2
       Paralysed         |       |       |       |       |     3 ||     3
Armor: Robe              |    34 |     1 |       |       |       ||    35
       Ring mail         |       |    40 |     6 |       |       ||    46
       Chain mail        |       |       |    93 |   149 |   256 ||   498
Dodge: Dodged            |    97 |    61 |    94 |   138 |   218 ||   608

Table legend: (Time is in decaauts)
 A = Elapsed time spent in this place.
 B = Non-inter-level travel time spent in this place.
 C = Inter-level travel time spent in this place.
 D = Time resting spent in this place.
 E = Time spent auto-exploring this place.
 F = Levels seen in this place.
 G = Mean time per level.
                   A        B        C        D        E       F      G
               +--------+--------+--------+--------+--------+-----+--------+
         Total |  30551 |  28669 |   1882 |  10209 |   7967 |  21 | 1454.8 |
       Dungeon |  20254 |  18854 |   1400 |   6521 |   4455 |  13 | 1558.0 |
        Temple |    198 |    185 |     13 |      0 |    171 |   1 |  198.0 |
          Lair |  10061 |   9593 |    468 |   3688 |   3341 |   6 | 1676.8 |
     Snake Pit |     37 |     37 |      0 |      0 |      0 |   1 |   37.0 |
               +--------+--------+--------+--------+--------+-----+--------+

Top non-repeatable levels by time:
     D:7: 2217 daAuts
  Lair:6: 2114 daAuts
     D:9: 2083 daAuts
    D:11: 1931 daAuts
     D:8: 1859 daAuts
  Lair:2: 1847 daAuts
     D:5: 1811 daAuts
  Lair:3: 1746 daAuts
     D:6: 1737 daAuts
  Lair:4: 1715 daAuts
     D:3: 1640 daAuts
     D:4: 1555 daAuts
  Lair:5: 1548 daAuts
     D:1: 1470 daAuts
    D:10: 1424 daAuts
